 Dungeon Crawl Stone Soup version 0.28.0 (webtiles) character file.

Game seed: 12581661570700111997

161 a3don the Conjurer (level 5, -2/30 HPs)
             Began as a Kobold Conjurer on Feb 15, 2022.
             Slain by a water moccasin (5 damage)
             ... on level 4 of the Dungeon.
             The game lasted 00:03:43 (3990 turns).

a3don the Conjurer (Kobold Conjurer)                Turns: 3990, Time: 00:03:44

Health: -2/30      AC:  2    Str:  4    XL:     5   Next: 70%
Magic:  0/9        EV: 15    Int: 21    God:
Gold:   137        SH:  0    Dex: 14    Spells: 2/10 levels left

rFire   . . .      SeeInvis .   d - +0 short sword
rCold   . . .      Faith    .   q - orb {mayhem}
rNeg    . . .      Spirit   .   a - +0 robe
rPois   .          Reflect  .   (no helmet)
rElec   .          Harm     .   (no cloak)
rCorr   .          Rampage  .   (no gloves)
Will    .....                   (no boots)
Stlth   ++++......              (no amulet)
HPRegen 0.10/turn               (no ring)
MPRegen 0.11/turn               (no ring)

@: lethally poisoned (-2 -> -22)
A: small, no large weapons, nightstalker 3
a: no special abilities


You were on level 4 of the Dungeon.
You visited 1 branch of the dungeon, and saw 4 of its levels.

You collected 137 gold pieces.

Inventory:

Hand Weapons
 d - a +0 short sword (weapon)
Missiles
 g - 6 atropa-tipped darts (quivered)
 n - 102 stones
Armour
 a - a +0 robe (worn)
 o - an orb of wrath
 q - an orb of mayhem (worn)
Wands
 s - a wand of polymorph (13)
 t - a wand of acid (8)
Scrolls
 b - a scroll of torment {unknown}
 c - 3 scrolls of amnesia {unknown}
 h - a scroll of summoning {unknown}
 i - 2 scrolls of identify {unknown}
 j - 3 scrolls of immolation
 k - a scroll of fog {unknown}
 l - a scroll of enchant armour {unknown}
 m - a scroll of noise {unknown}
 r - a scroll of blinking {unknown}
Potions
 e - 3 potions of haste {unknown}
 f - 3 potions of ambrosia {unknown}
 p - a potion of curing {unknown}


   Skills:
 + Level 1.7 Fighting
 + Level 3.5 Dodging
 + Level 4.1 Stealth
 + Level 3.1 Spellcasting
 + Level 4.5 Conjurations
 + Level 1.1 Hexes
 + Level 0.8 Ice Magic


You had 2 spell levels left.
You knew the following spells:

 Your Spells              Type           Power      Damage    Failure   Level
a - Magic Dart            Conj           88%        1d7       1%          1
b - Searing Ray           Conj           44%        2d6       3%          2
c - Dazzling Flash        Conj/Hex       30%        N/A       12%         3
d - Ensorcelled Hibernat  Hex/Ice        14%        N/A       13%         2

Your spell library contained the following spells:

 Spells                   Type           Power      Damage    Failure   Level
 Passwall                 Tmut/Erth      2%         N/A       21%         2
 Swiftness                Air            3%         N/A       36%         3
 Fulminant Prism          Conj/Hex       7%         3d7       38%         4
 Iskenderun's Mystic Bla  Conj/Tloc      12%        2d5       45%         4


Dungeon Overview and Level Annotations

Branches:
Dungeon (4/15)
 Temple: D:4-7

Altars:


Innate Abilities, Weirdness & Mutations

You are small and have problems with some larger weapons.
You are completely attuned to the shadows.


Message History

Aim: a water moccasin (moderately wounded, 100% to hit)
The magic dart hits the water moccasin.
The water moccasin is moderately wounded.
The water moccasin bites you.
Casting: Magic Dart (safe; 1% risk of failure)
Confirm with . or Enter, or press ? or * to list all spells.
Aiming: Searing Ray (safe; 3% risk of failure)
Press: ? - help, Shift-Dir - straight line, f/p - water moccasin
Aim: a water moccasin (moderately wounded, 63% to hit)
The searing ray hits the water moccasin.
The water moccasin is moderately wounded. (Press . to maintain the ray.)
The water moccasin barely misses you.
The searing ray hits the water moccasin.
The water moccasin is severely wounded.
The water moccasin bites you. The water moccasin closely misses you.
The searing ray hits the water moccasin!
The water moccasin is almost dead.
The water moccasin bites you!
You are poisoned.
The water moccasin poisons you!
The searing ray misses the water moccasin.
You finish channelling your searing ray.
You feel very sick. The water moccasin bites you!
* * * LOW HITPOINT WARNING * * *
You are more poisoned.
The water moccasin poisons you!
The water moccasin completely misses you.
Casting: Searing Ray (safe; 3% risk of failure)
Confirm with . or Enter, or press ? or * to list all spells.
Aiming: Magic Dart (safe; 1% risk of failure)
Press: ? - help, Shift-Dir - straight line, f/p - water moccasin
Aim: a water moccasin (almost dead, 100% to hit)
The magic dart hits the water moccasin.
The water moccasin is almost dead.
* * * LOW HITPOINT WARNING * * *
You feel very sick. The water moccasin bites you.
You die...

##..... #.....#
#.....# #.....#
#.....# .###+####
#.....#
........#######.....#
.....................
...S@................
.....................
##
.#+#####.............
.## #.............
..# ########'#####
.####### #........+
.##....## #........#
..#.....# .........#
..#....######
#....##..#


You could see a water moccasin.

Vanquished Creatures
  A phantom (D:4)
  A jelly (D:4)
  An adder skeleton (D:4)
  2 dart slugs
  2 orcs
  4 ball pythons
  8 bats
  2 endoplasms
  2 giant cockroaches
  4 hobgoblins
  3 jackals (D:1)
  3 kobolds
  A quokka (D:1)
  2 frilled lizards
  2 goblins (D:4)
  5 rats
43 creatures vanquished.

Notes
Turn   | Place    | Note
-------+----------+-------------------------------------------
     0 | D:1      | a3don the Kobold Conjurer began the quest for the Orb.
     0 | D:1      | Reached XP level 1. HP: 10/10 MP: 3/3
   158 | D:1      | Found a faded altar of an unknown god.
   386 | D:1      | Reached XP level 2. HP: 11/15 MP: 1/5
   502 | D:1      | Learned a level 2 spell: Searing Ray
  1461 | D:2      | Reached XP level 3. HP: 19/19 MP: 4/6
  2351 | D:3      | Learned a level 3 spell: Dazzling Flash
  2866 | D:4      | Reached skill level 1 in Fighting
  2866 | D:4      | Reached XP level 4. HP: 3/25 MP: 3/8
  3154 | D:4      | Learned a level 2 spell: Ensorcelled Hibernation
  3579 | D:4      | Noticed a phantom
  3608 | D:4      | Killed a phantom
  3609 | D:4      | Reached skill level 1 in Hexes
  3609 | D:4      | Reached XP level 5. HP: 4/30 MP: 0/9
  3982 | D:4      | Noticed a water moccasin
  3990 | D:4      | Slain by a water moccasin

Illustrated notes

Levels and vault maps discovered:
D:1:      dpeg_arrival_leaves_temple_mockup, layout_loops_ring,
          hellmonk_ecumenical_altar_blasted
D:2:      layout_basic, chequers_mini_garden, grunt_decor_junction
D:3:      layout_loops_cross, hangedman_glass_teeth
D:4:      layout_gridville, serial_shops, shop

Skill      XL: |  1  2  3  4 |
---------------+-------------+-----
Stealth        | 3 4 |  4.1
Dodging        | 3 |  3.5
Fighting       | 1 |  1.7
Spellcasting   | 3 |  3.1
Hexes          | 1 |  1.1
Conjurations   | |  4.5
Ice Magic      | |  0.8

Action                   |  1- 3 |  4- 6 || total
-------------------------+-------+-------++-------
Melee: Short sword       |    10 |       ||    10
 Cast: Magic Dart        |    67 |    30 ||    97
       Searing Ray       |       |     1 ||     1
 Stab: Sleeping          |     1 |       ||     1
Armor: Robe              |     4 |     1 ||     5
Dodge: Dodged            |    19 |     8 ||    27
